 Dungeon Crawl Stone Soup version 0.19-a0 (webtiles) character file.

60 MovingMist the Skirmisher (level 4, -6/42 HPs)
             Began as a Naga Fighter on Apr 27, 2016.
             Mangled by barb4r1an's ghost (11 damage)
             ... on level 3 of the Dungeon.
             The game lasted 00:04:53 (1581 turns).

MovingMist the Skirmisher (Naga Fighter)            Turns: 1581, Time: 00:04:54

Health: -6/42      AC:  4    Str: 24    XL:     4   Next: 4%
Magic:  4/4        EV:  7    Int:  8    God:
Gold:   44         SH:  9    Dex: 11    Spells: 0 memorised, 3 levels left

rFire  . . .     SeeInvis +     m - +0 hand axe (flame)
rCold  . . .     Gourm    .     o - +0 leather armour (curse)
rNeg   . . .     Faith    .     c - +0 shield
rPois  +         Spirit   .     j - +0 helmet
rElec  .         Dismiss  .     (no cloak)
rCorr  .         Reflect  .     (no gloves)
SustAt .         Harm     .     (no barding)
MR     .....                    (no amulet)
Stlth  +.........               (no ring)
                                (no ring)

@: mighty, very slow, not resistant to hostile enchantments, very unstealthy
A: see invisible, deformed body, poison resistance, slowness 2, slow metabolism
1, spit poison 2, AC +1
a: Spit Poison


You were on level 3 of the Dungeon.
You were hungry.

You visited 1 branch of the dungeon, and saw 3 of its levels.

You collected 44 gold pieces.

Inventory:

Hand Weapons
 a - a +0 trident
 m - a +0 hand axe of flaming (weapon)
Armour
 b - a +0 scale mail
 c - a +0 shield (worn)
 j - a +0 helmet (worn)
 o - a cursed +0 leather armour (worn)
Jewellery
 p - an uncursed ring of resist corrosion {unknown}
Potions
 e - a potion of berserk rage {unknown}
 i - a potion of heal wounds {unknown}
 l - a potion of agility {unknown}
 q - 2 potions of curing {unknown}
Comestibles
 f - a bread ration
 g - a chunk of flesh
 h - a meat ration
 k - 4 fruits
 n - a royal jelly
 r - a slice of pizza


   Skills:
 + Level 3.2 Fighting
 + Level 1.2(2.0) Axes
 - Level 2.5(2.7) Polearms
 - Level 2.4 Armour
 * Level 1.5 Dodging
 + Level 2.6 Shields


You had 3 spell levels left.
You didn't know any spells.

Dungeon Overview and Level Annotations

Branches:
Dungeon (3/15)

Altars:
The Shining One

Annotations:
D:3 barb4r1an's ghost, amateur DsGl


Innate Abilities, Weirdness & Mutations

You cannot wear boots.
Your serpentine skin is tough (AC +1).
You have supernaturally acute eyesight.
Armour fits poorly on your strangely shaped body.
Your system is resistant to poisons.
You cover ground very slowly.
You have a slow metabolism.
You can spit poison.


Message History

You closely miss barb4r1an's ghost.
Barb4r1an's ghost is moderately damaged.
You block barb4r1an's ghost's attack. Barb4r1an's ghost hits you!
You hit barb4r1an's ghost. You burn barb4r1an's ghost.
Barb4r1an's ghost is moderately damaged.
Barb4r1an's ghost ripples.
You block barb4r1an's ghost's attack.
You hit barb4r1an's ghost. You burn barb4r1an's ghost.
Barb4r1an's ghost is severely damaged.
You block barb4r1an's ghost's attack.
You barely miss barb4r1an's ghost.
Barb4r1an's ghost is severely damaged.
Barb4r1an's ghost hits you!
* * * LOW HITPOINT WARNING * * *
Drink which item? (? for menu, Esc to quit)
Okay, then.
Drink which item? (? for menu, Esc to quit)
You feel very mighty all of a sudden. Barb4r1an's ghost hits you!
You die...

### ... ..? .
#.# .. w# #.#
.##.# #.# .>..
#@# !.# #
#W####..###.#
#ww.w$......#
###.##.........
#.).....<.....#
#.##.#.....##.#
# #.#..##.#
...... ...
.....⌠. $.%


You could see 2 worms and barb4r1an's ghost.

Vanquished Creatures
  An adder (D:2)
  A worm (D:2)
  A dart slug (D:1)
  2 giant geckos (D:1)
  A ball python (D:2)
  7 bats
  A giant cockroach (D:1)
  7 goblins
  7 hobgoblins
  2 kobolds (D:1)
  A quokka (D:2)
  7 rats
38 creatures vanquished.

Notes
Turn   | Place    | Note
--------------------------------------------------------------
     0 | D:1      | MovingMist the Naga Fighter began the quest for the Orb.
     0 | D:1      | Reached XP level 1. HP: 21/21 MP: 1/1
   316 | D:1      | Reached XP level 2. HP: 21/28 MP: 2/2
   369 | D:1      | Reached skill level 1 in Dodging
   567 | D:1      | Reached XP level 3. HP: 32/34 MP: 3/3
  1150 | D:2      | Reached skill level 1 in Axes
  1262 | D:2      | Found a glowing golden altar of the Shining One.
  1406 | D:2      | Reached XP level 4. HP: 41/42 MP: 4/4
  1565 | D:3      | Noticed barb4r1an's ghost (amateur DsGl)
  1581 | D:3      | Mangled by barb4r1an's ghost

Vault maps used:
D:1:      lightli_arrival_statuegarden
D:2:      nicolae_tso_swordbearing_angel
D:3:      kiku_gazebo_pond_becter, hangedman_feature_mirror

Skill      XL: |  1  2  3 |
---------------+----------+-----
Dodging        | 1 |  1.5
Axes           | 1 |  1.2
Fighting       | |  3.2
Polearms       | |  2.5
Armour         | |  2.4
Shields        | |  2.6

Action                   |  1- 3 |  4- 6 || total
-------------------------+-------+-------++-------
Melee: Trident           |    76 |       ||    76
       Hand axe          |    35 |    15 ||    50
  Use: Scroll            |     4 |       ||     4
       Potion            |       |     1 ||     1
  Eat: Chunk             |     1 |       ||     1
Armor: Scale mail        |    51 |       ||    51
       Leather armour    |     4 |     1 ||     5
Dodge: Dodged            |    30 |     1 ||    31
Block: Shield            |    51 |     8 ||    59
